cohdb
Replays
Latest Replays
All Replays
Popular Replays
Top Player Replays
Match Explorer
How It Works
Community
CoH3 Stats
Reddit
Sign in to upload your games and track your stats! →
Sign in with Steam
Match 44707934
Unlisted
Match 44707934
Overview
Messages
Build Orders
End
Construct Infanterie Kompanie
MG 42 Machine Gun Team
MG 42 Machine Gun Team
GrW 34 Mortar Team
Grenadier Squad
Construct Panzergrenadier Kompanie
Support Elements
GrW 34 Mortar Team
Nebelwerfer 42 Rocket Launcher Team
Selects Breakthrough Battlegroup
Selects Assault Grenadiers
Selects Smoke Bombing Run
Grenadier Squad
Medical Station
Nebelwerfer 42 Rocket Launcher Team
MG 42 Machine Gun Team
Selects Incendiary Bombing Run
Incendiary Bombing Run
Construct Panzer Kompanie
Pioneer Squad
Pak 40 Anti-tank Gun Team
Pak 40 Anti-tank Gun Team
Incendiary Bombing Run
Smoke Bombing Run
251 Medium Carrier
Selects Rapid Production
Selects Blitzkrieg
Panzer IV Medium Tank
Incendiary Bombing Run
Panzer IV Medium Tank
Incendiary Bombing Run
Pioneer Squad
Side Skirts
Panzer Officer Quarters
Panzer IV Medium Tank
Incendiary Bombing Run
Nebelwerfer 42 Rocket Launcher Team
Panzer IV Medium Tank
Incendiary Bombing Run
Smoke Bombing Run
Incendiary Bombing Run
76561199424696134
[GKT] Italobalbo
Brekekok15
Blue King
Bärserker(ger)
MILK W/NO DATE ON IT
Card
diegocristyan.p
0
0
Comments
sign in to comment!
No comments posted yet!